 Dungeon Crawl Stone Soup version 0.31-a0-239-g0a1456f148 (webtiles) character file.

Game seed: 16955435501708156761

83 qw the Shooter (level 4, -2/26 HPs)
             Began as a Gargoyle Hexslinger on July 11, 2023.
             Slain by Grinder (8 damage)
             ... on level 4 of the Dungeon.
             The game lasted 00:00:49 (2187 turns).

qw the Shooter (Gargoyle Hexslinger)                Turns: 2187, Time: 00:00:49

Health: -2/26      AC:  9    Str: 12    XL:     4   Next: 44%
Magic:  5/5        EV: 11    Int: 13    God:
Gold:   175        SH:  0    Dex: 14    Spells: 4/5 levels left

rFire   + . .        Y - +1 sling
rCold   . . .        (no shield)
rNeg    + . .        g - +2 leather armour {rF+}
rPois   inf          (no helmet)
rElec   +            (no cloak)
rCorr   .            j - +0 pair of gloves
SInv    .            (no boots)
Will    .....        (no amulet)
Stlth   +            (no ring)
HPRegen 0.24/turn    (no ring)
MPRegen 0.09/turn

%: no passive effects
@: no status effects
A: sickness immunity, AC +3, negative energy resistance 1, electricity
resistance, torment resistance 1, petrification resistance
a: no special abilities


You were on level 4 of the Dungeon.
You visited 1 branch of the dungeon, and saw 4 of its levels.

You collected 175 gold pieces.


Innate Abilities, Weirdness & Mutations

You are immune to sickness and miasma.
Your stone body is resilient. (AC +3)
You are immune to poison.
You resist negative energy. (rN+)
You are resistant to electric shocks. (rElec)
You are resistant to unholy torment.
You are immune to petrification.


   Skills:
 - Level 2.0 Fighting
 + Level 4.2 Ranged Weapons
 - Level 1.5 Dodging
 - Level 1.0 Spellcasting
 - Level 2.6 Hexes


You had 4 spell levels left.
You knew the following spells:

 Your Spells              Type           Power      Damage    Failure   Level
a - Slow                  Hex            28%        N/A       12%         1

Your spell library contained the following spells:

 Spells                   Type           Power      Damage    Failure   Level
 Inner Flame              Hex/Fire       4%         N/A       52%         3
 Portal Projectile        Hex/Tloc       8%         N/A       52%         3
 Cause Fear               Hex            3%         N/A       75%         4

Inventory:

Hand Weapons
 Y - a +1 sling (weapon)
Armour
 g - a +2 leather armour of fire resistance (worn)
 j - a +0 pair of gloves (worn)
Scrolls
 a - a scroll of identify
Potions
 c - a potion of mutation
 f - a potion of enlightenment
 h - 2 potions of resistance
 i - a potion of curing

Dungeon Overview and Level Annotations

Branches:
Dungeon (4/15)
 Temple: D:4-7

Altars:
Ashenzari

Shops:
D:4 [

Annotations:
D:4 Grinder


Message History

Grinder is lightly wounded.
Grinder says, "There's only one good use for a tongue: cutting it out."
You shoot a sling bullet.
The sling bullet closely misses Grinder.
Grinder gestures at you. You resist with significant effort.
You shoot a sling bullet.
The sling bullet closely misses Grinder.
Grinder hits you but does no damage.
You shoot a sling bullet.
The sling bullet closely misses Grinder.
Grinder gestures at you.
You suddenly lose the ability to move!
Grinder hits you!
You writhe in agony.
Grinder gestures at you. Pain shoots through your body!
You can move again.
You shoot a sling bullet. The sling bullet hits Grinder.
Grinder is lightly wounded.
Grinder says, "Tell me all your secrets, or I'll kill you."
Grinder barely misses you. x2
You shoot a sling bullet. The sling bullet hits Grinder.
Grinder is moderately wounded.
Grinder hits you.
You writhe in agony.
You shoot a sling bullet. The sling bullet barely misses Grinder.
Grinder hits you but does no damage.
You shoot a sling bullet.
The sling bullet hits Grinder but does no damage.
Grinder is moderately wounded.
Grinder misses you.
You shoot a sling bullet. The sling bullet hits Grinder.
Grinder is moderately wounded.
Grinder misses you.
You shoot a sling bullet. The sling bullet hits Grinder.
Grinder is heavily wounded.
Grinder barely misses you. x2
You shoot a sling bullet. The sling bullet hits Grinder.
Grinder is heavily wounded.
Grinder hits you!
You die...

###. #.....##########
.....####\.............
.. ...##..###########
#.##.##..# #........# #
####)##.## #.####.##.#
#.........#
###..@5.#.....
#.##....###. #. #.._.#
# #....... ...#..##
#.....# #......# ....
..


You could see Grinder.

Vanquished Creatures
  4 adders
  A worm (D:3)
  A dart slug (D:1)
  2 endoplasms
  A giant cockroach (D:1)
  6 goblins
  4 hobgoblins
  4 quokkas (D:1)
  3 ball pythons
  4 bats
  4 frilled lizards
  4 kobolds
  7 rats
45 creatures vanquished.

Notes
Turn   | Place    | Note
-------+----------+-------------------------------------------
     0 | D:1      | qw the Gargoyle Hexslinger began the quest for the Orb.
     0 | D:1      | Reached XP level 1. HP: 12/12 MP: 2/2
     0 | D:1      | 0 ||| qw: Version: 0.3-a-52-g30416fa
     0 | D:1      | 0 ||| qw: Game counter: 5906
     0 | D:1      | 0 ||| qw: Melee chars always use a shield: true
     0 | D:1      | 0 ||| qw: God list: Okawaru
     0 | D:1      | 0 ||| qw: Allow faded altars: false
     0 | D:1      | 0 ||| qw: Do Orc after clearing Dungeon:15 true
     0 | D:1      | 0 ||| qw: Do second Lair branch before Depths: true
     0 | D:1      | 0 ||| qw: Lair rune preference: random
     0 | D:1      | 0 ||| qw: Goals: Normal
     0 | D:1      | 0 ||| PLANNING D:1-11
   130 | D:1      | Reached XP level 2. HP: 16/16 MP: 3/3
   183 | D:1      | Reached skill level 3 in Ranged Weapons
   427 | D:1      | Found a faded altar of an unknown god.
   629 | D:1      | Reached XP level 3. HP: 12/21 MP: 4/4
   813 | D:1      | 813 ||| UPGRADING to +2 leather armour of fire resistance.
   823 | D:1      | 823 ||| DROPPING +0 robe.
   824 | D:1      | 824 ||| READING 2 scrolls labelled BUH REUCHONA.
   825 | D:1      | 825 ||| READING scroll labelled OFUTHO LONI.
   826 | D:1      | 826 ||| READING scroll labelled KUALAB EHECS.
   827 | D:1      | 827 ||| DROPPING scroll of poison.
  1125 | D:2      | Reached skill level 4 in Ranged Weapons
  1125 | D:2      | Reached XP level 4. HP: 26/26 MP: 5/5
  1275 | D:2      | 1275 ||| UPGRADING to +0 pair of gloves.
  1280 | D:2      | 1280 ||| DROPPING ring of flight.
  1281 | D:2      | 1281 ||| READING scroll labelled ROS UTSEIS.
  1282 | D:2      | 1282 ||| DRINKING 2 sapphire potions.
  1283 | D:2      | 1283 ||| DRINKING 2 white potions.
  1284 | D:2      | 1284 ||| READING 5 scrolls of identify.
  1284 | D:2      | 1284 ||| IDENTIFYING puce potion
  1285 | D:2      | 1285 ||| READING 4 scrolls of identify.
  1285 | D:2      | 1285 ||| IDENTIFYING golden potion
  1286 | D:2      | 1286 ||| READING 3 scrolls of identify.
  1286 | D:2      | 1286 ||| IDENTIFYING fizzy white potion
  1287 | D:2      | 1287 ||| READING 2 scrolls of identify.
  1287 | D:2      | 1287 ||| IDENTIFYING fuming yellow potion
  1288 | D:2      | 1288 ||| DROPPING potion of attraction.
  1289 | D:2      | 1289 ||| DROPPING potion of brilliance.
  1290 | D:2      | 1290 ||| DROPPING potion of degeneration.
  2091 | D:3      | 2091 ||| READING scroll labelled SEEVAD JUHE.
  2092 | D:3      | 2092 ||| READING 2 scrolls of identify.
  2092 | D:3      | 2092 ||| IDENTIFYING sedimented amethyst potion
  2151 | D:4      | Found Qeoruf's Armour Boutique.
  2159 | D:4      | 2159 ||| SHOPLISTING +2 leather armour of cold resistance
                  | (266 gold, have 175).
  2159 | D:4      | 2159 ||| SHOPLISTING scarf of resistance (448 gold, have
                  | 175).
  2162 | D:4      | Found a broken altar of Ashenzari.
  2170 | D:4      | Noticed Grinder
  2178 | D:4      | Paralysed by Grinder for 3 turns
  2182 | D:4      | HP: 6/26 [Grinder (4)]
  2187 | D:4      | Slain by Grinder

Levels and vault maps discovered:
D:1:      dpeg_arrival_subterranean_lakeside_camping, layout_basic,
          ebering_ecumenical_altar_hall, nicolae_houndstooth_variations
D:2:      layout_rooms
D:3:      layout_loops_corners
D:4:      layout_loops_corners, mainiacjoe_overflow_tiny_flanked,
          grunt_dithmenos_smoke, nicolae_ru_great_annihilating_truth,
          serial_shops, shop, skrybe_limestone_x, minmay_surrounded,
          uniq_grinder

Skill      XL: |  1  2  3 |
---------------+----------+-----
Ranged Weapons | 3 4 |  4.2
Fighting       | 2 |  2.0
Dodging        | |  1.5
Spellcasting   | |  1.0
Hexes          | |  2.6

Action                     |  1- 3 |  4- 6 || total
---------------------------+-------+-------++-------
   Fire: Sling             |   117 |    41 ||   158
    Use: Scroll            |     3 |     7 ||    10
         Potion            |       |     2 ||     2
 Armour: Robe              |     6 |       ||     6
         Leather armour    |    16 |     3 ||    19
  Dodge: Dodged            |    38 |     7 ||    45

Table legend:
 A = Non-vault XP
 B = Vault XP
 C = Vault XP percentage of total XP
 D = Non-vault monster count
 E = Vault monster count
 F = Vault count percentage of total count
                 A         B        C        D         E       F
            +---------+---------+-------+---------+---------+-------
      Total |     110 |       9 |   7.6 |      39 |       6 |  13.3
            +---------+---------+-------+---------+---------+-------
        D:1 |      29 |       9 |  23.7 |      16 |       6 |  27.3
        D:2 |      54 |       0 |   0.0 |      15 |       0 |   0.0
        D:3 |      27 |       0 |   0.0 |       8 |       0 |   0.0
            +---------+---------+-------+---------+---------+-------
